 Dungeon Crawl Stone Soup version 0.25.1-2-g60ff931df9 (webtiles) character file.

Game seed: 9057848153847172432

28 DildoBatman the Magician (level 3, -4/24 HPs)
             Began as a Formicid Wizard on Sept 10, 2020.
             Slain by Terence
             ... wielding a +0 flail
              (11 damage)
             ... on level 1 of the Dungeon.
             The game lasted 00:02:41 (938 turns).

DildoBatman the Magician (Formicid Wizard)           Turns: 938, Time: 00:02:41

Health: -4/24      AC:  2    Str: 11    XL:     3   Next: 27%
Magic:  7/7        EV: 12    Int: 18    God:
Gold:   35         SH:  0    Dex:  9    Spells: 4/8 levels left

rFire    . . .     SeeInvis +   a - +0 short sword
rCold    . . .     Gourm    .   (no shield)
rNeg     + . .     Faith    .   i - +0 robe
rPois    .         Spirit   .   (helmet unavailable)
rElec    .         Reflect  .   (no cloak)
rCorr    .         Harm     .   (no gloves)
MR       .....                  (no boots)
Stlth    ++........             (no amulet)
HPRegen  0.08/turn              m - ring of positive energy
MPRegen  0.10/turn              (no ring)

@: no status effects
A: permanent stasis, dig shafts and tunnels, four strong arms, antennae 3
a: Dig, Shaft Self


You were on level 1 of the Dungeon.
You were not hungry.

You visited 1 branch of the dungeon, and saw 2 of its levels.

You collected 35 gold pieces.

Inventory:

Hand Weapons
 a - a +0 short sword (weapon)
Missiles
 b - 17 bolts
 c - 64 stones (quivered)
 d - 15 poisoned darts
Armour
 i - a +0 robe (worn)
Jewellery
 l - an uncursed amulet of faith {unknown}
 m - a ring of positive energy (left hand)
Scrolls
 e - a scroll of teleportation {unknown}
 h - a scroll of identify {unknown}
Potions
 g - a potion of mutation {unknown}
 j - 3 potions of degeneration {unknown}
 k - a potion of brilliance {unknown}
Comestibles
 f - a chunk of flesh
 v - a ration


   Skills:
 - Level 1.7 Dodging
 - Level 2.4 Stealth
 - Level 3.2 Spellcasting
 * Level 2.7 Conjurations
   Level 1.0 Summonings
   Level 0.8 Translocations


You had 4 spell levels left.
You knew the following spells:

 Your Spells              Type           Power        Failure   Level  Hunger
c - Magic Dart            Conj           ##..         5%          1    None
e - Mephitic Cloud        Conj/Pois/Air  #.......     32%         3    ###....

Your spell library contained the following spells:

 Spells                   Type           Power        Failure   Level  Hunger
 Call Imp                 Summ           #.......     16%         2    ##.....
 Slow                     Hex            #.......     24%         2    ##.....
 Conjure Flame            Conj/Fire      #.......     26%         3    ###....
 Blink                    Tloc           Unusable     N/A         2    N/A

Dungeon Overview and Level Annotations

Branches:
Dungeon (2/15)

Altars:

Annotations:
D:1 Terence


Innate Abilities, Weirdness & Mutations

You cannot be hasted, slowed, berserked, paralysed or teleported.
You can dig through walls and to a lower floor.
Your four strong arms can wield two-handed weapons with a shield.
You have a pair of large antennae on your head. (SInv)


Message History

Memorise Mephitic Cloud, consuming 3 spell levels and leaving 4?
You start memorising the spell.
You continue memorising. x3
Terence shouts, "Now you die!"
You finish memorising.
Spell assigned to 'a'.
Adjust (i)tems, (s)pells, or (a)bilities?
Adjust which spell? a - Mephitic Cloud Adjust to which letter? e - Mephitic Cloud Terence hits you but does no damage.
You climb upwards.
The gnoll hits you with a +0 flail! The gnoll hits you with a +0 flail.
There is a stone staircase leading down here.
You extend your mandibles.
You dig through the rock wall.
Terence hits you with a +0 flail!
You die...

###### ####....# #.......#
#.......#
#######.......####### #.
#...@>g..............
##...###.##@######......####
...............# #.......#
########.##....# #######)##
#.....##....# #..#
#.######....## ##.## #.#
+.....##### #.## #.#
#.........# #... #.#
+.........## ##.. #.# #
#..........# #.#


You could see Terence and a gnoll.

Vanquished Creatures
  2 dart slugs (D:2)
  3 leopard geckos
  A ball python (D:2)
  A bat (D:1)
  A giant cockroach (D:2)
  A goblin (D:1)
  3 hobgoblins
  2 frilled lizards
  4 kobolds
  A rat (D:1)
19 creatures vanquished.

Notes
Turn   | Place    | Note
-------+----------+-------------------------------------------
     0 | D:1      | DildoBatman the Formicid Wizard began the quest for the
                  | Orb.
     0 | D:1      | Reached XP level 1. HP: 13/13 MP: 4/4
    25 | D:1      | Reached skill level 1 in Conjurations
   207 | D:1      | Reached XP level 2. HP: 19/19 MP: 0/6
   724 | D:2      | Reached XP level 3. HP: 24/24 MP: 4/7
   729 | D:2      | Noticed Terence
   934 | D:2      | Learned a level 3 spell: Mephitic Cloud
   938 | D:1      | Slain by Terence

Illustrated notes

Levels and vault maps discovered:
D:1:      minmay_arrival_diagonal_passages, layout_basic
D:2:      layout_basic, mrwooster_statue_mirror, uniq_terence

Skill      XL: |  1  2 |
---------------+-------+-----
Conjurations   | 1 2 |  2.7
Dodging        | |  1.7
Stealth        | |  2.4
Spellcasting   | |  3.2
Summonings     | |  1.0
Translocations | |  0.8

Action                   || total
-------------------------++-------
Melee: Club              ||     2
       Short sword       ||     1
Throw: Stone             ||     1
 Cast: Magic Dart        ||    51
 Abil: Dig               ||     1
Dodge: Dodged            ||     5
